 Dungeon Crawl Stone Soup version 0.23.2 (webtiles) character file.

Game seed: 15572169776292588232

25 Chiseanne the Skirmisher (level 2, -5/24 HPs)
             Began as a Demonspawn Wanderer on Apr 3, 2019.
             Killed by nerve-wracking pain
             ... invoked by a shadow imp
             ... summoned by Natasha
              (13 damage)
             ... on level 2 of the Dungeon.
             The game lasted 00:01:51 (757 turns).

Chiseanne the Skirmisher (Demonspawn Wanderer)       Turns: 757, Time: 00:01:51

Health: -5/24      AC:  5    Str: 12    XL:     2   Next: 82%
Magic:  3/3        EV: 10    Int: 13    God:
Gold:   83         SH:  0    Dex: 12    Spells: 1/1 levels left

rFire    . . .     SeeInvis .   a - +0 hand crossbow
rCold    . . .     Gourm    .   (no shield)
rNeg     . . .     Faith    .   b - +0 ring mail
rPois    .         Spirit   .   (helmet restricted)
rElec    .         Reflect  .   (no cloak)
rCorr    .         Harm     .   (no gloves)
MR       .....                  (no boots)
Stlth    +.........             (no amulet)
HPRegen  0.08/turn              (no ring)
MPRegen  0.08/turn              (no ring)

@: no status effects
A: horns 1
a: no special abilities


You were on level 2 of the Dungeon.
You were not hungry.

You visited 1 branch of the dungeon, and saw 2 of its levels.

You collected 83 gold pieces.

Inventory:

Hand Weapons
 a - a +0 hand crossbow (weapon)
Missiles
 d - 3 bolts (quivered)
 g - 39 stones
Armour
 b - a +0 ring mail (worn)
Jewellery
 j - an uncursed amulet of guardian spirit {unknown}
Scrolls
 e - a scroll of blinking {unknown}
 k - a scroll of identify {unknown}
 l - a scroll of enchant weapon {unknown}
Potions
 i - 4 potions of agility {unknown}
Miscellaneous
 c - a fan of gales
Comestibles
 f - 3 rations
 h - a chunk of flesh


   Skills:
 * Level 3.3 Fighting
 - Level 1.7 Crossbows
 * Level 3.0 Armour
 * Level 1.0 Dodging
 * Level 2.4 Evocations


You had one spell level left.
You didn't know any spells.
Your spell library was empty.

Dungeon Overview and Level Annotations

Branches:
Dungeon (2/15)

Altars:

Annotations:
D:2 Natasha


Innate Abilities, Weirdness & Mutations

You have a pair of small horns on your head.


Message History

You kill the jackal!
Your Dodging skill increases to level 1!
Firing (i - inventory. (/) - cycle)
d - 5 bolts (quivered)
Press: ? - help, Shift-Dir - straight line, f/p - Natasha
Aim: Natasha You shoot a bolt.
The bolt hits the shadow imp.
The shadow imp is heavily wounded.
The shadow imp hits you. The shadow imp barely misses you.
The white imp shouts, "Scamper home, thou tottering beef-witted nightsoil!"
Firing (i - inventory. (/) - cycle)
d - 4 bolts (quivered)
Press: ? - help, Shift-Dir - straight line, f/p - Natasha
Aim: Natasha You shoot a bolt.
The bolt barely misses the shadow imp.
The bolt closely misses Natasha.
The bolt hits the white imp.
The white imp is lightly wounded.
The white imp disappears in a puff of smoke!
The shadow imp gestures at you. Pain shoots through your body!
Ouch! That really hurt!
You die...

#.########.# #.# #.# #ยง#
#.# #.# #h# #h# #.#
#5########.# #h##.......#
#5##.......#####
##########@##....>.......
#.........(######'#.#####
##.#######(.........#
#.#....##..........#
#.#.##.##..........#
#.#.<#.##..........#
#.#..#.##............
#.#..#.##.............
#.#..#.#########+#.....


You could see Natasha, a white imp, a shadow imp and a jackal.

Vanquished Creatures
  A dart slug (D:1)
  3 goblins
  2 hobgoblins (D:1)
  7 jackals
  A ball python (D:1)
  2 frilled lizards
  A kobold (D:1)
  4 rats
21 creatures vanquished.

Notes
Turn   | Place    | Note
-------+----------+-------------------------------------------
     0 | D:1      | Chiseanne the Demonspawn Wanderer began the quest for the
                  | Orb.
     0 | D:1      | Chiseanne set off with the following items: a +0 hand
                  | crossbow, a +0 ring mail, a fan of gales, 17 bolts, a
                  | ration
     0 | D:1      | Reached XP level 1. HP: 18/18 MP: 2/2
    92 | D:1      | Gained mutation: You have a pair of small horns on your
                  | head. [demonic ancestry]
    92 | D:1      | Reached XP level 2. HP: 17/24 MP: 3/3
   721 | D:2      | Noticed Natasha
   755 | D:2      | Reached skill level 1 in Dodging
   757 | D:2      | Killed from afar by a shadow imp

Skill      XL: |  1  2 |
---------------+-------+-----
Armour         | 3 |  3.0
Dodging        | 1 |  1.0
Fighting       | |  3.3
Crossbows      | |  1.7
Evocations     | |  2.4

Action                   || total
-------------------------++-------
 Fire: Hand crossbow     ||    46
Throw: Stone             ||     6
Armor: Ring mail         ||    28
Dodge: Dodged            ||    35
